 Dungeon Crawl Stone Soup version 0.18-a0-1788-g92de1ac (webtiles) character file.

210 Ijustatesigmund the Ruffian (level 5, -2/52 HPs)
             Began as a Troll Hunter on Apr 20, 2016.
             Slain by an orc
             ... wielding a +0 whip
              (5 damage)
             ... on level 3 of the Dungeon.
             The game lasted 00:16:31 (2015 turns).

Ijustatesigmund the Ruffian (Troll Hunter)          Turns: 2015, Time: 00:16:31

Health: -2/52      AC:  5    Str: 19 (20) XL:     5   Next: 57%
Magic:  4/4        EV:  9    Int: 11 (12) God:
Gold:   157        SH:  0    Dex:  8 (11) Spells: 0 memorised, 4 levels left

rFire  . . .     SeeInvis .       - Unarmed
rCold  . . .     Gourm    +     b - +0 robe
rNeg   . . .     Faith    .     (no shield)
rPois  .         Spirit   .     (helmet restricted)
rElec  .         Dismiss  .     (no cloak)
rCorr  .         Reflect  .     (gloves unavailable)
SustAt .         Harm     .     (boots unavailable)
MR     .....                    (no amulet)
Stlth  +.........               (no ring)
                                (no ring)

@: brilliant, not resistant to hostile enchantments, very unstealthy
A: unfitting armour, claws 3, fast metabolism 3, gourmand, regeneration 2,
shaggy fur 1, tough skin 2
a: no special abilities


You were on level 3 of the Dungeon.
You were full.

You visited 1 branch of the dungeon, and saw 4 of its levels.

You collected 157 gold pieces.

Inventory:

Missiles
 c - 5 large rocks (quivered)
 d - 3 throwing nets
Armour
 b - a +0 robe (worn)
Wands
 n - a wand of paralysis (12/24)
Scrolls
 j - 2 scrolls of remove curse
Potions
 e - 2 potions of cure mutation
 i - 2 potions of degeneration
Comestibles
 a - a meat ration
 f - 4 bread rations
 g - a beef jerky
 l - 4 fruits


   Skills:
 + Level 2.9 Fighting
 - Level 3.6 Throwing
 - Level 1.5 Dodging
 - Level 0.4 Stealth
 * Level 4.4 Unarmed Combat


You had 4 spell levels left.
You didn't know any spells.

Dungeon Overview and Level Annotations

Branches:
Dungeon (4/15)
 Temple: D:4-7

Altars:
Elyvilon
Sif Muna
The Shining One


Innate Abilities, Weirdness & Mutations

You are too large for most types of armour.
You have claws for hands.
Your metabolism is lightning-fast.
You like to eat raw meat.
You heal very quickly.
You are covered in fur (AC +1).
You have very tough skin (AC +2).


Message History

The hound is almost dead.
Something hits you but does no damage. The hound bites you but does no damage.
The orc hits you with a whip.
* * * LOW HITPOINT WARNING * * *
Read which item? (? for menu, Esc to quit)
Okay, then.
Drink which item? (? for menu, Esc to quit)
It was a potion of brilliance.
You feel clever all of a sudden.
The hound pauses to sniff the ground.
The hound misses you.
You hear some strange, mumbled words.
Something tries to affect you, but you resist.
The orc barely misses you. The hound closely misses you.
You claw the hound!
You kill the hound!
Something hits you.
* * * LOW HITPOINT WARNING * * *
The orc hits you with a whip.
You die...

## #.###.#.#####.........# .#
#.#.#.#.#<(.#.........# .##
#.#.#.#.###.#.........# ..#
#.#...#...#.#.........#
..###.#.###.#.#.#.........#
...##.#.#####.#.#.........#
##...............##.#######
.#.###########.#.##)#
.#.............†@##.#
.#...#########.o.##.#
÷...........###..##.###########
.#...###..#.# #.....#....[....#
.#....##..#.###..#............###
.#........#......+......(.......#
##..#.###.######.#............#.#
....#.#.....).##.#.........######
###.#.#.#.....##.#........##..###


You could see an orc.

Vanquished Creatures
  A scorpion (D:3)
  A hound (D:3)
  A worker ant (D:3)
  4 adders
  2 oozes (D:1)
  A worm (D:2)
  3 giant geckos
  2 orcs
  9 bats
  7 giant cockroaches
  3 goblins
  7 hobgoblins
  7 kobolds
  2 ball pythons
  A giant newt (D:1)
  9 rats
60 creatures vanquished.

Notes
Turn   | Place    | Note
--------------------------------------------------------------
     0 | D:1      | Ijustatesigmund the Troll Hunter began the quest for the Orb.
     0 | D:1      | Reached XP level 1. HP: 19/19 MP: 0/0
    18 | D:1      | Reached skill level 1 in Unarmed Combat
    34 | D:1      | Reached XP level 2. HP: 23/28 MP: 1/1
   173 | D:1      | Reached skill level 2 in Unarmed Combat
   270 | D:1      | Reached XP level 3. HP: 35/35 MP: 2/2
   900 | D:2      | Reached skill level 3 in Unarmed Combat
  1318 | D:3      | Reached XP level 4. HP: 42/42 MP: 3/3
  1395 | D:3      | Found a glowing golden altar of the Shining One.
  1524 | D:3      | Reached XP level 5. HP: 39/50 MP: 4/4
  1537 | D:3      | Found a white marble altar of Elyvilon.
  1794 | D:3      | Found a deep blue altar of Sif Muna.
  1859 | D:4      | Reached skill level 4 in Unarmed Combat
  2013 | D:3      | HP: 2/52 [orc/whip (5)]
  2015 | D:3      | Slain by an orc

Vault maps used:
D:1:      dpeg_arrival_tiny_i
D:2:      kennysheep_generic_room_9
D:3:      marbit_many_paths, lemuel_doored_altar, nicolae_overflow_crystal_walls

Skill      XL: |  1  2  3  4  5 |
---------------+----------------+-----
Unarmed Combat | 1 2 3 4 |  4.4
Fighting       | 2 |  2.9
Throwing       | |  3.6
Dodging        | |  1.5
Stealth        | |  0.4

Action                   |  1- 3 |  4- 6 || total
-------------------------+-------+-------++-------
Melee: Unarmed           |   143 |    83 ||   226
  Use: Scroll            |     5 |     2 ||     7
       Potion            |       |     4 ||     4
  Eat: Chunk             |    13 |     8 ||    21
Armor: Robe              |   109 |    28 ||   137
Dodge: Dodged            |   107 |    61 ||   168
